 Dungeon Crawl Stone Soup version 0.32-a0-700-g9bfe03f (webtiles) character file.

Game seed: 8871311907253561204

292 sekai the Trooper (level 6, -3/56 HPs)
             Began as a Minotaur Fighter on Mar 13, 2024.
             Killed by divine providence
             ... invoked by an orc priest
              (11 damage)
             ... on level 4 of the Dungeon.
             The game lasted 00:06:36 (1965 turns).

sekai the Trooper (Minotaur Fighter)                Turns: 1965, Time: 00:06:37

Health: -3/56      AC: 13    Str: 23    XL:     6   Next: 10%
Magic:  5/5        EV:  7    Int:  5    God:
Gold:   154        SH:  4    Dex:  9    Spells: 5/5 levels left

rFire   . . .        a - +1 war axe
rCold   . . .        c - +0 buckler
rNeg    . . .        e - +2 chain mail {rPois}
rPois   +            (helmet restricted)
rElec   .            (no cloak)
rCorr   .            (no gloves)
SInv    .            k - +0 pair of boots
Will    .....        (no amulet) Stlth
                     (no ring)
HPRegen 0.29/turn    (no ring)
MPRegen 0.09/turn

%: no passive effects
@: no status effects
A: horns 2, retaliatory headbutt
a: Convert to Beogh


You were on level 4 of the Dungeon.
You visited 1 branch of the dungeon, and saw 4 of its levels.

You collected 154 gold pieces.

Inventory:

Hand Weapons
 a - a +1 war axe (weapon)
Missiles
 f - 4 javelins (quivered)
 h - 2 curare-tipped darts {!f}
 j - 5 poisoned darts
 n - 2 boomerangs
Armour
 c - a +0 buckler (worn)
 e - a +2 chain mail of poison resistance (worn)
 k - a +0 pair of boots (worn)
Scrolls
 g - 2 scrolls of teleportation
Potions
 b - a potion of haste
 d - a potion of might
 i - a potion of mutation {unknown}
 l - a potion of resistance {unknown}


   Skills:
 + Level 5.3 Fighting
 + Level 4.6 Axes
 - Level 5.0 Armour
 - Level 5.0 Shields


You had 5 spell levels left.
You didn't know any spells.
Your spell library contained the following spells:

 Spells                   Type           Power      Damage    Failure   Level
 Blink                    Tloc           0%         N/A       99%         2
 Lesser Beckoning         Tloc           0%         N/A       99%         2
 Momentum Strike          Conj/Tloc      0%         3d8       99%         2
 Dazzling Flash           Conj/Hex       0%         N/A       100%        3
 Mephitic Cloud           Conj/Alch/Air  0%         N/A       100%        3
 Curse of Agony           Necr           0%         N/A       100%        5
 Silence                  Hex/Air        0%         N/A       100%        5


Dungeon Overview and Level Annotations

Branches:
Dungeon (4/15)
 Temple: D:4-7

Altars:
Ashenzari
Makhleb
Nemelex Xobeh
Sif Muna
Vehumet

Shops:
D:1 **   D:2 (   D:4 :


Innate Abilities, Weirdness & Mutations

You have a pair of horns on your head.
You reflexively headbutt those who attack you in melee.


Message History

You hear the rusting of a drain very nearby.
An orc priest comes into view. It is wielding a +0 flail.
The orc priest shouts!
An orc comes into view. It is wielding a +0 club.
An orc priest comes into view. It is wielding a +0 flail.
Found a stone staircase leading down.
The orc shouts!
The orc priest calls down the wrath of Beogh upon you.
Beogh smites you!
An orc comes into view. It is wielding a +0 hand axe.
The orc shouts!
The orc priest calls down the wrath of Beogh upon you.
Pain shoots through your body!
The orc priest shouts, "The Pantheon deserves no one's loyalty.
Let us show you the true path!" (press Y on the ability menu to convert to Beogh)
You are too injured to fight recklessly!
You are too injured to fight recklessly!
You are too injured to fight recklessly!
You are too injured to fight recklessly!
You closely miss the orc. You headbutt the orc.
The orc is moderately wounded.
You slash the orc!
The orc priest calls down the wrath of Beogh upon you.
Beogh smites you!
* * * LOW HITPOINT WARNING * * *
The orc closely misses you. x2; You furiously retaliate!
You headbutt the orc!
You kill the orc!
The orc priest shouts, "Surrender to Beogh and we'll let you live!"
You slash the orc!
You kill the orc!
The orc priest calls down the wrath of Beogh upon you.
Pain shoots through your body!
* * * LOW HITPOINT WARNING * * *
The orc priest invokes the aid of Beogh against you.
Beogh smites you!
* * * LOW HITPOINT WARNING * * *
You feel better.
The orc priest mumbles some strange prayers to Beogh against you.
Beogh smites you!
You die...

##........o ##
#........... #..
..#.........h #...
#.............
#...##._o.o.........
##....................###
.>......#)...............
....#..@)## .##########'
...........# .<### #.....
...........##....# #.....
...........#.....# #.....
...........).....# #.....
...........#.##### #.....
...........#.#######.....
##########.#.......'.....
#.#...#####.....


You could see 2 orc priests.

Vanquished Creatures
  Blork the orc (D:4)
  A hound (D:4)
  A bombardier beetle (D:3)
  A jelly (D:3)
  Natasha (D:4)
  A gnoll (D:3)
  4 adders (D:3)
  2 dart slugs
  A ribbon worm (D:2)
  3 orcs
  8 ball pythons
  8 endoplasms
  4 giant cockroaches (D:1)
  A goblin (D:1)
  3 hobgoblins
  6 jackals
  8 kobolds
  5 bats
  2 frilled lizards
  6 rats
67 creatures vanquished.

Notes
Turn   | Place    | Note
-------+----------+-------------------------------------------
     0 | D:1      | sekai the Minotaur Fighter began the quest for the Orb.
     0 | D:1      | Reached XP level 1. HP: 19/19 MP: 0/0
    48 | D:1      | Found Ysiovix's General Store.
    93 | D:1      | Found a faded altar of an unknown god.
   219 | D:1      | Reached XP level 2. HP: 27/27 MP: 1/1
   406 | D:1      | Found Echeoniu's Assorted Antiques.
   682 | D:2      | Found Xoatoeh's Weapon Emporium.
   772 | D:2      | Reached XP level 3. HP: 32/33 MP: 2/2
  1024 | D:3      | Reached XP level 4. HP: 37/41 MP: 3/3
  1262 | D:3      | Found a burning altar of Makhleb.
  1263 | D:3      | Found a shimmering blue altar of Sif Muna.
  1263 | D:3      | Found a broken altar of Ashenzari.
  1263 | D:3      | Found a sparkling altar of Nemelex Xobeh.
  1388 | D:3      | Reached XP level 5. HP: 46/47 MP: 4/4
  1786 | D:4      | Found Ubih's Self-Published Books.
  1845 | D:4      | Noticed Natasha
  1847 | D:4      | Noticed Blork the orc
  1869 | D:4      | Killed Natasha
  1870 | D:4      | Reached skill level 5 in Fighting
  1870 | D:4      | Reached skill level 5 in Armour
  1912 | D:4      | Found a radiant altar of Vehumet.
  1928 | D:4      | Killed Blork the orc
  1929 | D:4      | Reached skill level 5 in Shields
  1929 | D:4      | Reached XP level 6. HP: 39/56 MP: 5/5
  1964 | D:4      | HP: 2/56 [orc priest/divine providence (13)]
  1965 | D:4      | Killed from afar by an orc priest

Illustrated notes

Levels and vault maps discovered:
D:1:      eino_arrival_tree_alley, layout_basic, serial_shops, shop, shop,
          shapermc_ecumenical_altar_acropolis
D:2:      layout_rooms, serial_shops, shop, minivault_25,
          guppyfry_early_lair_pool
D:3:      layout_loops_cross, chequers_temple_overflow_statue_of_worship,
          minmay_pentangle
D:4:      layout_basic, mainiacjoe_overflow_tiny_flanked, portal_sewer_entry_d,
          minmay_misc_feat_more_columns, nicolae_custom_books,
          uniq_blork_the_orc, uniq_natasha, uniq_robin

Skill      XL: |  1  2  3  4  5 |
---------------+----------------+-----
Armour         | 4 5 |  5.0
Fighting       | 4 5 |  5.3
Shields        | 4 5 |  5.0
Axes           | 3 4 |  4.6

Action                     |  1- 3 |  4- 6 || total
---------------------------+-------+-------++-------
  Melee: War axe           |    73 |    69 ||   142
         Headbutt          |     7 |    12 ||    19
    Use: Scroll            |     3 |     3 ||     6
         Potion            |       |     1 ||     1
 Armour: Scale mail        |    31 |       ||    31
         Plate armour      |    10 |       ||    10
         Chain mail        |     6 |    65 ||    71
  Dodge: Dodged            |    30 |    18 ||    48
  Block: Buckler           |    22 |    11 ||    33

Table legend: (Time is in decaauts)
 A = Elapsed time spent in this place.
 B = Non-inter-level travel time spent in this place.
 C = Inter-level travel time spent in this place.
 D = Time resting spent in this place.
 E = Time spent auto-exploring this place.
 F = Levels seen in this place.
 G = Mean time per level.
                   A        B        C        D        E       F      G
               +--------+--------+--------+--------+--------+-----+--------+
         Total |   2016 |   1982 |     34 |    195 |   1287 |   4 |  504.0 |
       Dungeon |   2016 |   1982 |     34 |    195 |   1287 |   4 |  504.0 |
               +--------+--------+--------+--------+--------+-----+--------+

Top non-repeatable levels by time:
     D:3: 785 daAuts
     D:1: 696 daAuts
     D:2: 323 daAuts
     D:4: 210 daAuts
